 Dungeon Crawl Stone Soup version 0.29-a0-330-g52719c12eb (webtiles) character file.

Game seed: 478062876248616774

595 kae the Gusty (level 7, -6/59 HPs)
             Began as an Ogre Air Elementalist on Apr 12, 2022.
             Mangled by an orc warrior
             ... wielding a +0 scimitar
              (21 damage)
             ... on level 4 of the Dungeon.
             The game lasted 00:03:55 (5880 turns).

kae the Gusty (Ogre Air Elementalist)               Turns: 5880, Time: 00:03:56

Health: -6/59      AC:  3    Str: 13    XL:     7   Next: 40%
Magic:  8/14       EV:  9    Int: 18    God:
Gold:   229        SH:  0    Dex:  9    Spells: 5/15 levels left

rFire   . . .      SeeInvis .   a - +3 dagger (elec)
rCold   . . .      Faith    .   (no shield)
rNeg    . . .      Spirit   .   c - +0 robe
rPois   .          Reflect  .   (helmet restricted)
rElec   .          Harm     .   (no cloak)
rCorr   .          Rampage  .   (gloves unavailable)
Will    .....                   (boots unavailable)
Stlth   +.........              (no amulet)
HPRegen 0.19/turn               (no ring)
MPRegen 0.14/turn               (no ring)

@: no status effects
A: large, unfitting armour, tough skin 1
a: no special abilities


You were on level 4 of the Dungeon.
You visited 1 branch of the dungeon, and saw 5 of its levels.

You collected 229 gold pieces.

Inventory:

Hand Weapons
 a - a +3 dagger of electrocution (weapon)
 b - a +2 dagger of flaming
Missiles
 i - a throwing net
Armour
 c - a +0 robe (worn)
Jewellery
 k - a ring of see invisible
 m - a ring of fire
Wands
 q - a wand of paralysis (10)
 s - a wand of acid (10)
Scrolls
 f - 3 scrolls of identify
 g - a scroll of immolation
 h - 2 scrolls of blinking
 p - a scroll of fear {unknown}
Potions
 d - 2 potions of ambrosia
 e - 2 potions of curing
 j - a potion of magic
 l - a potion of brilliance
 n - a potion of flight {unknown}
 o - 2 potions of might {unknown}
 r - a potion of degeneration {unknown}


   Skills:
 - Level 1.7 Dodging
 - Level 1.4 Stealth
 + Level 4.8 Spellcasting
 + Level 3.4 Conjurations
 * Level 5.7 Air Magic


You had 5 spell levels left.
You knew the following spells:

 Your Spells              Type           Power      Damage    Failure   Level
a - Shock                 Conj/Air       80%        1d8       1%          1
b - Static Discharge      Conj/Air       20%        N/A       3%          2
c - Swiftness             Air            24%        N/A       4%          3
d - Airstrike             Air            12%        N/A       13%         4

Your spell library contained the following spells:

 Spells                   Type           Power      Damage    Failure   Level
 Foxfire                  Conj/Fire      40%        2x1d6     7%          1
 Mephitic Cloud           Conj/Pois/Air  15%        N/A       12%         3
 Pain                     Necr           16%        1d4       14%         1
 Conjure Flame            Conj/Fire      10%        6-21      21%         3
 Gell's Gravitas          Tloc           4%         N/A       38%         3
 Ignite Poison            Fire/Tmut/Pois 4%         N/A       38%         3
 Inner Flame              Hex/Fire       4%         N/A       38%         3
 Teleport Other           Tloc           4%         N/A       38%         3
 Flame Wave               Conj/Fire      10%        2d5       54%         4
 Freezing Cloud           Conj/Ice/Air   7%         6-21      71%         5
 Animate Dead             Necr           2%         N/A       80%         4
 Agony                    Necr           4%         N/A       98%         5
 Borgnjor's Vile Clutch   Necr/Erth      2%         N/A       98%         5
 Excruciating Wounds      Necr           2%         N/A       98%         5
 Death Channel            Necr           2%         N/A       100%        6
 Dispersal                Tloc           2%         N/A       100%        6


Dungeon Overview and Level Annotations

Branches:
Dungeon (5/15)
 Temple: D:4-7

Altars:

Annotations:
D:3 2 transporters, kae's ghost, amateur MiFi
D:5 Edmund


Innate Abilities, Weirdness & Mutations

You are too large for most types of armour.
You have tough skin. (AC +1)


Message History

Magic restored.
Done exploring.
Done exploring.
(D) Dungeon
Where to? (Enter - D:4 @ (x,y), ? - help)
There is an open door here.
There is a stone staircase leading down, spattered with blood here.
You climb downwards.
Level annotation: Edmund The orc warrior shouts!
There is a stone staircase leading up here.
An orc warrior is nearby!
An orc warrior is nearby!
An orc warrior is nearby!
The orc warrior hits you with a +0 scimitar!
You climb upwards.
There is a stone staircase leading down, spattered with blood here.
Casting: Airstrike (dangerous; 13% risk of failure)
Confirm with . or Enter, or press ? or * to list all spells.
The orc warrior is struck by an arc of lightning!
The orc warrior is moderately wounded.
You are struck by an arc of lightning.
The lightning grounds out.
The orc warrior barely misses you.
The orc warrior hits you with a +0 scimitar!
Casting: Static Discharge (safe; 3% risk of failure)
Confirm with . or Enter, or press ? or * to list all spells.
The orc warrior is struck by an arc of lightning.
The orc warrior is heavily wounded.
You are struck by an arc of lightning.
The lightning grounds out.
The orc warrior hits you with a +0 scimitar.
The orc warrior hits you with a +0 scimitar!
Casting: Static Discharge (safe; 3% risk of failure)
Confirm with . or Enter, or press ? or * to list all spells.
The orc warrior is struck by an arc of lightning.
The orc warrior is heavily wounded.
You are struck by an arc of lightning.
* * * LOW HITPOINT WARNING * * *
The lightning grounds out.
The orc warrior hits you with a +0 scimitar!!
You die...

#.##..##.........######.#
#.##............## #.#
####.#.###..###...## #.#
#.....## ##.####.## #.# #.##.##
##.# #.# #.# #.##.# #.# #.# #.#
#.##.## ##.###'## #.####
#.##..## ##.###...## #....#
#.##.#.###.###.@o..## ####.#
#.........###.[.....## ##.##.#
####....####......(..####...#.##
#.......'.........'..........
#....####.........####...#.##
#.#.## ##.......## #.......
#.### ##.....## #.###.## #...#
##...## #.##.#.# ###.# ##+##
#.#.###.


You could see an orc warrior.

Vanquished Creatures
  A water moccasin (D:5)
  A black bear (D:4)
  A phantom (D:5)
  A bullfrog (D:5)
  A scorpion (D:5)
  An orc priest (D:4)
  2 orc wizards
  3 adders
  A worm (D:2)
  4 dart slugs
  7 orcs
  4 ball pythons
  7 bats
  7 endoplasms
  3 giant cockroaches
  8 goblins
  5 hobgoblins
  2 jackals (D:1)
  5 quokkas
  3 frilled lizards (D:2)
  12 kobolds
  4 rats
83 creatures vanquished.

Vanquished Creatures (others)
  A bat (D:1)
  6 plants (D:3)
7 creatures vanquished.

Grand Total: 90 creatures vanquished

Notes
Turn   | Place    | Note
-------+----------+-------------------------------------------
     0 | D:1      | kae the Ogre Air Elementalist began the quest for the Orb.
     0 | D:1      | Reached XP level 1. HP: 16/16 MP: 3/3
    60 | D:1      | Reached skill level 1 in Conjurations
   338 | D:1      | Reached XP level 2. HP: 24/24 MP: 3/5
   378 | D:1      | Reached skill level 3 in Air Magic
   895 | D:1      | Reached XP level 3. HP: 31/31 MP: 7/7
  1480 | D:1      | Found a faded altar of an unknown god.
  1898 | D:2      | Reached XP level 4. HP: 37/39 MP: 8/8
  2000 | D:2      | You fall into a shaft and drop 2 floors!
  2942 | D:2      | Learned a level 2 spell: Static Discharge
  2946 | D:2      | Learned a level 3 spell: Swiftness
  2984 | D:3      | Identified the +5 trident of kae's Pain and Death {elec,
                  | rPois rCorr Int+8 Dex-4}
  2984 | D:3      | Noticed a gnoll sergeant
  3002 | D:3      | Found a transporter.
  3008 | D:3      | Found a transporter.
  3269 | D:3      | Noticed kae's ghost (amateur MiFi)
  3372 | D:4      | Reached skill level 4 in Air Magic
  3372 | D:4      | Reached XP level 5. HP: 44/45 MP: 0/10
  3480 | D:4      | Noticed a black bear
  3492 | D:4      | Killed a black bear
  3971 | D:4      | Reached XP level 6. HP: 50/51 MP: 8/11
  4339 | D:5      | Entered Level 5 of the Dungeon
  4339 | D:5      | Noticed an orc warrior
  4532 | D:5      | Learned a level 4 spell: Airstrike
  4548 | D:5      | Noticed a water moccasin
  4668 | D:5      | Killed a water moccasin
  4669 | D:5      | Reached skill level 5 in Air Magic
  4887 | D:5      | Reached XP level 7. HP: 34/59 MP: 3/13
  5391 | D:5      | Noticed Edmund
  5880 | D:4      | Mangled by an orc warrior

Illustrated notes

Levels and vault maps discovered:
D:1:      dpeg_arrival_another_circle, layout_basic,
          hellmonk_ecumenical_altar_leap_of_faith, minmay_cupped
D:2:      layout_basic
D:3:      layout_rooms, gammafunk_ghost_gnarly_gnolls, minmay_misc_feat_alley
D:4:      layout_loops_corners, corexii_shack
D:5:      layout_gridville, minmay_misc_feat_tiny, uniq_edmund

Skill      XL: |  1  2  3  4  5  6 |
---------------+-------------------+-----
Conjurations   | 1 2 3 |  3.4
Air Magic      | 3 4 5 |  5.7
Spellcasting   | 3 4 |  4.8
Dodging        | |  1.7
Stealth        | |  1.4

Action                   |  1- 3 |  4- 6 |  7- 9 || total
-------------------------+-------+-------+-------++-------
Melee: Unarmed           |     4 |       |       ||     4
       Dagger            |   111 |    36 |       ||   147
 Cast: Shock             |    45 |    58 |     8 ||   111
       Static Discharge  |       |    10 |     6 ||    16
       Airstrike         |       |     2 |     6 ||     8
  Use: Scroll            |     4 |     8 |       ||    12
Armor: Robe              |    51 |    26 |       ||    77
Dodge: Dodged            |    68 |    35 |     4 ||   107

Table legend: (Time is in decaauts)
 A = Elapsed time spent in this place.
 B = Non-inter-level travel time spent in this place.
 C = Inter-level travel time spent in this place.
 D = Time resting spent in this place.
 E = Time spent auto-exploring this place.
 F = Levels seen in this place.
 G = Mean time per level.
                   A        B        C        D        E       F      G
               +--------+--------+--------+--------+--------+-----+--------+
         Total |   5889 |   5641 |    248 |    263 |   4639 |   5 | 1177.8 |
       Dungeon |   5889 |   5641 |    248 |    263 |   4639 |   5 | 1177.8 |
               +--------+--------+--------+--------+--------+-----+--------+

Top non-repeatable levels by time:
     D:1: 1676 daAuts
     D:4: 1620 daAuts
     D:5: 1175 daAuts
     D:2: 867 daAuts
     D:3: 549 daAuts
